 Dungeon Crawl Stone Soup version 0.22-a0-409-gb855193 (webtiles) character file.

616 mortelune the Firebug (level 7, 0/81 HPs)
             Began as a Deep Elf Fire Elementalist on May 10, 2018.
             Was an Initiate of Vehumet.
             Slain by an iguana (6 damage)
             ... on level 5 of the Dungeon.
             The game lasted 00:12:17 (5859 turns).

mortelune the Firebug (Deep Elf Fire Elementalist)  Turns: 5859, Time: 00:12:17

Health: 0/81       AC: 23    Str: 10    XL:     7   Next: 21%
Magic:  1/16       EV:  2    Int: 22    God:    Vehumet [......]
Gold:   201        SH:  0    Dex: 15    Spells: 6/16 levels left

rFire    + + +     SeeInvis +   r - +7 glaive "Kugh" {chop, rPois rF++ MR- SInv}
rCold    x . .     Gourm    .   (shield currently unavailable)
rNeg     + + +     Faith    .   (armour currently unavailable)
rPois    +         Spirit   .   (helmet currently unavailable)
rElec    .         Reflect  .   (cloak currently unavailable)
rCorr    .         Harm     .   (gloves currently unavailable)
MR       .....     NoTele   +   (boots currently unavailable)
Stlth    ..........             (no amulet)
HPRegen  0.23/turn              f - ring of fire
MPRegen  0.15/turn              (no ring)

@: berserking, tree-form, very slightly contaminated, very quick
A: no striking features
a: Renounce Religion


You were on level 5 of the Dungeon.
You worshipped Vehumet.
Vehumet was noncommittal.
You were very hungry.
You were a tree.
You visited 2 branches of the dungeon, and saw 6 of its levels.

You collected 201 gold pieces.

Inventory:

Hand Weapons
 e - a +0 dagger
 g - a +0 falchion
 r - the +7 glaive "Kugh" (weapon) {chop, rPois rF++ MR- SInv}
   (You found it on level 4 of the Dungeon)

   It inflicts extra damage upon your enemies.
   It greatly protects you from fire.
   It protects you from poison.
   It affects your resistance to hostile enchantments.
   It lets you see invisible.
Armour
 a - a +0 robe (melded)
 d - a +0 pair of boots (melded)
 o - a +0 cloak (melded)
Jewellery
 f - a ring of fire (left branch)
Wands
 i - a wand of acid (14)
 n - a wand of disintegration (7)
 p - a wand of flame (22)
 s - a wand of polymorph (10)
Scrolls
 b - a scroll of magic mapping
 h - 2 scrolls of enchant weapon {unknown}
 j - a scroll of remove curse {unknown}
 k - 4 scrolls of identify {unknown}
 m - a scroll of teleportation {unknown}
Potions
 l - 3 potions of lignification
 t - a potion of curing {unknown}
Comestibles
 c - 7 rations


   Skills:
 + Level 4.4 Dodging
 - Level 2.4 Stealth
 + Level 5.0 Spellcasting
 * Level 4.9 Conjurations
 * Level 6.0 Fire Magic


You had 6 spell levels left.
You knew the following spells:

 Your Spells              Type           Power        Failure   Level  Hunger
a - Flame Tongue          Conj/Fire      #####        1%          1    None
b - Throw Flame           Conj/Fire      #####.       1%          2    None
c - Conjure Flame         Conj/Fire      #####...     3%          3    ##.....
d - Sticky Flame          Conj/Fire      #####...     11%         4    ####...


Dungeon Overview and Level Annotations

Branches:
Dungeon (5/15)             Temple (1/1) D:5

Altars:
Ashenzari
Fedhas
Gozag
Kikubaaqudgha
Nemelex Xobeh
Okawaru
Qazlal
Ru
Sif Muna
Uskayaw
Vehumet
Wu Jian
Xom
Yredelemnul
Zin
The Shining One

Shops:
D:4 (

Annotations:
D:3 2 transporters, Menkaure


Message History

The hound bites you but does no damage. The iguana bites you.
* * * LOW HITPOINT WARNING * * *
The hound bites you but does no damage.
You slash the hound!
The hound is almost dead.
The hound bites you but does no damage.
The iguana bites you but does no damage.
The hound bites you but does no damage. The iguana bites you.
* * * LOW HITPOINT WARNING * * *
It was a potion of berserk rage.
A red film seems to cover your vision as you go berserk!
You feel yourself moving faster!
You feel mighty!
The hound bites you but does no damage. x2
The iguana bites you but does no damage.
You slash the hound!
You kill the hound!
Vehumet accepts your kill.
Your Fire Magic skill increases to level 6!
The iguana bites you.
You die...

##....#
...... #...##
...... ##...#
#!... ##...##
##...##
#..[##
#.....#
##.###
#.....##
##.## #..l.)#
###.##
#♣(####..##
###(.....#
#..)..##
#...#(#
##...## #...#
#..######
#.......#
#######.#####


You could see an iguana.

Vanquished Creatures
  An ogre (D:4)
  A centaur (D:5)
  A scorpion (D:4)
  A hound (D:5)
  A bullfrog skeleton (D:4)
  Ijyb (D:3)
  3 worker ants (D:4)
  2 worker ant zombies
  3 gnolls (D:3)
  7 adders
  An ooze (D:3)
  4 worms
  A dart slug (D:1)
  10 leopard geckos
  6 orcs
  4 giant cockroaches
  13 goblins
  7 hobgoblins
  6 jackals
  4 quokkas
  10 bats
  2 frilled lizards
  10 kobolds
  A leopard gecko skeleton (D:4)
  A quokka skeleton (D:4)
  4 rats
105 creatures vanquished.

Notes
Turn   | Place    | Note
-------+----------+-------------------------------------------
     0 | D:1      | mortelune the Deep Elf Fire Elementalist began the quest for the Orb.
     0 | D:1      | Reached XP level 1. HP: 10/10 MP: 6/6
   176 | D:1      | Reached XP level 2. HP: 15/15 MP: 5/8
   216 | D:1      | Learned a level 2 spell: Throw Flame
   296 | D:1      | Found an iron altar of Okawaru.
   962 | D:2      | Reached XP level 3. HP: 19/19 MP: 6/9
  1262 | D:2      | Learned a level 3 spell: Conjure Flame
  1472 | D:2      | Reached skill level 4 in Fire Magic
  1611 | D:2      | Reached XP level 4. HP: 24/24 MP: 5/11
  1694 | D:2      | Learned a level 4 spell: Sticky Flame
  2892 | D:3      | Found a sparkling altar of Nemelex Xobeh.
  2924 | D:3      | Found a glowing silver altar of Zin.
  2924 | D:3      | Noticed an angel
  2926 | D:3      | Found a shimmering altar of Xom.
  3059 | D:3      | Found a blossoming altar of Fedhas.
  3066 | D:3      | Found a stormy altar of Qazlal.
  3164 | D:3      | Noticed Ijyb
  3169 | D:3      | Killed Ijyb
  3169 | D:3      | Reached XP level 5. HP: 20/28 MP: 0/12
  4084 | D:3      | Found an ancient bone altar of Kikubaaqudgha.
  4084 | D:3      | Noticed Menkaure
  4089 | D:3      | Found a basalt altar of Yredelemnul.
  4106 | D:3      | Found a transporter.
  4108 | D:3      | Found a transporter.
  4464 | D:4      | Noticed an ogre
  4468 | D:4      | Killed an ogre
  4468 | D:4      | Reached skill level 5 in Fire Magic
  4468 | D:4      | Reached XP level 6. HP: 32/32 MP: 7/14
  4683 | D:4      | Found a sparkling altar of Nemelex Xobeh.
  4999 | D:4      | Found a hide-covered altar of Uskayaw.
  5132 | D:4      | Found Gewubau's Antique Weapon Shoppe.
  5199 | D:4      | Got an ivory glaive
  5200 | D:4      | Identified the +7 glaive "Kugh" {chop, rPois rF++ MR- SInv} (You found it on level 4 of the Dungeon)
  5497 | D:5      | Entered Level 5 of the Dungeon
  5638 | D:5      | Found a staircase to the Ecumenical Temple.
  5654 | Temple   | Entered the Ecumenical Temple
  5757 | Temple   | Became a worshipper of Vehumet
  5855 | D:5      | Reached skill level 5 in Spellcasting
  5855 | D:5      | Reached XP level 7. HP: 8/36 MP: 0/16
  5859 | D:5      | Reached skill level 6 in Fire Magic
  5859 | D:5      | Slain by an iguana

Vault maps used:
D:1:      eino_arrival_cavern_b, hangedman_glass_teeth,
          okawaru_ov_weapons_minmay
D:2:      minivault_5
D:3:      grunt_temple_overflow_order_and_chaos_1, gammafunk_temple_of_torment,
          grunt_temple_overflow_forces_of_nature, nemelex_spade_bored_becter,
          uniq_ijyb
D:4:      nemelex_xobeh_ov_fountains_minmay, lemuel_crystal_altar, serial_shops,
          kennysheep_little_box
D:5:      minmay_temple_entry_statues, first_ration, serial_shops, shop
Temple:   minmay_temple_curvy_loop

Skill      XL: |  1  2  3  4  5  6  7 |
---------------+----------------------+-----
Conjurations   | 2 3 4 |  4.9
Fire Magic     | 4 5 6 |  6.0
Dodging        | 3 4 |  4.4
Spellcasting   | 4 5 |  5.0
Stealth        | |  2.4

Action                   |  1- 3 |  4- 6 |  7- 9 || total
-------------------------+-------+-------+-------++-------
Melee: Glaive            |       |       |     3 ||     3
 Cast: Flame Tongue      |    40 |    68 |       ||   108
       Throw Flame       |    27 |    68 |       ||    95
       Sticky Flame      |       |     6 |       ||     6
       Conjure Flame     |       |     2 |       ||     2
  Use: Scroll            |     1 |       |       ||     1
       Potion            |       |     1 |     1 ||     2
  Eat: Chunk             |     3 |    14 |       ||    17
Armor: Robe              |     4 |     3 |       ||     7
       Skin              |       |     6 |    11 ||    17
Dodge: Dodged            |    16 |    18 |       ||    34
       Rpst.: Falchion   |     1 |     3 |       ||     4

Table legend:
 A = Spawn XP
 B = Non-spawn XP
 C = Spawn XP percentage of total XP
 D = Spawn monster count
 E = Non-spawn monster count
 F = Spawn count percentage of total count
 G = Total turns spent on level
                    A         B        C        D         E        F      G
               +---------+---------+-------+---------+---------+-------+---------
         Total |       0 |     881 |   0.0 |       0 |     105 |   0.0 |  5859
               +---------+---------+-------+---------+---------+-------+---------
           D:1 |       0 |      40 |   0.0 |       0 |      23 |   0.0 |   960
           D:2 |       0 |      83 |   0.0 |       0 |      23 |   0.0 |  1782
           D:3 |       0 |     194 |   0.0 |       0 |      33 |   0.0 |  1581
           D:4 |       0 |     390 |   0.0 |       0 |      22 |   0.0 |  1174
           D:5 |       0 |     174 |   0.0 |       0 |       4 |   0.0 |   190
               +---------+---------+-------+---------+---------+-------+---------
